Map: 2000 Atmospheres LE

Players

A.I. 1 (Hard)

  • Race: Zerg Zerg

QuietMind - Winner!

  • Race: Terran Terran

VOD

Have the link to the VOD?

Description

Time

  • Played on: Aug. 15, 2021, 12:31 a.m.
  • Length: 12:35
Show
View Real Time Build Order
Export as new Build Order

A.I. 1 (Hard) Zerg 

Build Orders: Hatch First 

Get SALT Encoding   

  12  0:00  Drone  
  13  0:12  Overlord  
  13  0:16  Drone  
  14  0:30  Drone  
  14  0:32  Drone  
  14  0:34  Drone  
  17  0:52  Hatchery  
  17  0:55  Drone  
  17  1:11  Spawning Pool  
  16  1:12  Drone  
  16  1:15  Drone  
  16  1:18  Extractor  
  17  1:21  Drone  
  18  1:28  Overlord  
  18  1:38  Drone  
  19  1:59  Queen  
  19  2:00  Zergling x4  
  23  2:02  Roach Warren  
  23  2:03  Drone  
  23  2:05  Extractor  
  22  2:10  Drone  
  23  2:20  Baneling Nest  
  22  2:23  Drone  
  22  2:27  Zergling x2  
  24  2:30  Zergling x2  
  24  2:35  Zergling x2  
  26  2:39  Drone  
  26  2:43  Zergling x2  
  28  2:54  Overlord  
  28  2:56  Roach  
  30  3:10  Roach  
  32  3:13  Drone  
  32  3:17  Drone  
  34  3:23  Overlord, Roach  
  37  3:27  Drone  
  37  3:29  Drone  
  37  3:33  Drone  
  39  3:37  Lair, Baneling x2  
  39  3:52  Drone  
  40  3:57  Evolution Chamber  
  40  3:58  Drone  
  40  4:04  Evolution Chamber  
  40  4:05  Drone  
  40  4:10  Roach  
  42  4:20  Overlord  
  42  4:24  Roach  
  44  4:35  Hydralisk Den  
  44  4:37  Drone, Roach  
  46  4:41  Drone  
  46  4:43  Drone  
  48  4:48  Overlord  
  48  4:52  Drone  
  49  4:54  Drone  
  49  4:57  Drone  
  49  4:59  Drone  
  52  5:02  Drone  
  52  5:04  Drone, Hydralisk  
  52  5:06  Drone  
  56  5:11  Drone  
  56  5:13  Overlord  
  57  5:15  Drone  
  57  5:17  Drone  
  57  5:18  Hydralisk  
  61  5:22  Drone  
  61  5:25  Metabolic Boost  
  61  5:26  Drone  
  63  5:30  Zerg Melee Weapons Level 1  
  63  5:32  Drone  
  64  5:37  Drone  
  64  5:39  Zerg Ground Armor Level 1  
  65  5:43  Drone  
  65  5:44  Overlord, Hydralisk  
  65  5:45  Drone  
  65  5:49  Drone  
  70  5:54  Drone  
  71  6:00  Extractor  
  71  6:02  Drone  
  71  6:03  Extractor, Burrow  
  70  6:04  Drone  
  70  6:10  Roach  
  73  6:16  Overlord  
  73  6:22  Drone  
  73  6:24  Drone, Roach  
  77  6:26  Drone  
  77  6:28  Drone  
  79  6:36  Overlord  
  79  6:39  Drone  
  80  6:42  Spore Crawler  
  79  6:47  Overseer, Spore Crawler, Roach  
  79  6:48  Drone, Spore Crawler  
  79  6:49  Drone  
  79  6:50  Drone  
  79  6:52  Overseer  
  79  6:54  Drone, Spore Crawler  
  81  6:58  Overlord  
  81  7:00  Hydralisk  
  84  7:01  Queen  
  86  7:11  Spine Crawler, Drone  
  86  7:14  Queen, Hydralisk  
  90  7:16  Spine Crawler  
  90  7:20  Overlord, Drone  
  90  7:23  Spine Crawler, Drone  
  90  7:25  Zerg Missile Weapons Level 1  
  90  7:28  Spine Crawler, Roach  
  91  7:32  Infestation Pit  
  90  7:37  Spire  
  90  7:38  Drone  
  90  7:41  Hydralisk  
  92  7:55  Roach  
  94  8:09  Roach  
  96  9:09  Roach  
  96  9:20  Infestor  
  96  9:22  Overseer, Pneumatized Carapace, Zerg Ground Armor Level 2  
  94  9:24  Infestor  
  94  9:25  Pathogen Glands  
  94  9:29  Infestor, Hatchery  
  94  9:30  Overseer  
  86  9:34  Zergling x2  
  86  9:38  Roach  
  65  9:42  Roach  
  65  9:47  Roach  
  65  9:50  Hydralisk  
  69  9:53  Overseer  
  69  9:55  Roach  
  69  9:59  Hydralisk  
  70  10:04  Roach  
  70  10:05  Queen  
  72  10:08  Overlord, Zergling x2  
  72  10:12  Zergling x2  
  68  10:15  Hydralisk  
  68  10:16  Drone x2  
  68  10:20  Zergling x2  
  68  10:21  Drone x3  
  63  10:23  Hydralisk  
  63  10:27  Drone  
  55  10:30  Drone  
  55  10:31  Zergling x2, Drone  
  55  10:34  Zergling x2, Drone  
  45  10:36  Drone  
  45  10:37  Hatchery  
  45  10:38  Zergling x2  
  44  10:45  Zergling x2  
  44  10:46  Overseer  
  44  10:47  Overseer, Drone  
  44  10:49  Overlord  
  41  10:50  Drone, Roach  
  41  10:53  Drone  
  41  10:54  Roach  
  34  11:05  Zergling x2  
  34  11:15  Overlord  
  34  11:17  Hydralisk  
  27  11:18  Drone  
  27  11:20  Drone  
  27  11:37  Drone  
  20  11:47  Roach Warren  
Show
View Real Time Build Order
Export as new Build Order

QuietMind Terran - Winner!

Build Orders: Mech 

Get SALT Encoding   

  12  0:00  SCV  
  13  0:12  SCV  
  14  0:17  Supply Depot  
  14  0:24  SCV  
  15  0:38  SCV  
  15  0:40  Barracks  
  16  0:45  Refinery  
  16  0:50  SCV  
  17  1:02  SCV  
  18  1:14  SCV  
  19  1:27  Orbital Command  
  19  1:36  Command Center  
  19  1:47  Factory  
  19  1:52  SCV  
  20  1:58  Supply Depot  
  20  2:01  Marine  
  20  2:04  SCV  
  22  2:10  Refinery  
  22  2:17  SCV  
  22  2:19  Barracks Tech Lab  
  23  2:29  SCV  
  24  2:41  SCV  
  24  2:43  Siege Tank  
  28  2:44  Marine  
  29  2:53  SCV  
  30  3:01  Bunker  
  30  3:02  Marine  
  30  3:04  Orbital Command  
  30  3:05  SCV  
  32  3:16  Siege Tank  
  32  3:17  SCV  
  36  3:20  Marine  
  37  3:29  SCV  
  37  3:30  SCV  
  37  3:32  Supply Depot  
  39  3:39  Barracks Reactor  
  39  3:41  SCV  
  39  3:43  SCV  
  39  3:48  Siege Tank  
  44  3:53  SCV  
  44  3:54  Supply Depot  
  44  3:55  SCV  
  46  3:57  Command Center  
  46  4:03  Armory  
  46  4:05  SCV  
  46  4:07  SCV  
  48  4:10  Factory  
  48  4:18  SCV, Supply Depot  
  48  4:19  SCV  
  50  4:28  Marauder, Widow Mine  
  50  4:30  Widow Mine, SCV  
  50  4:31  SCV, Supply Depot  
  58  4:41  Engineering Bay  
  58  4:42  SCV  
  58  4:43  SCV  
  60  4:48  Refinery  
  60  4:49  Refinery  
  60  4:52  Hellbat x2  
  64  4:54  SCV  
  64  4:55  SCV  
  64  4:58  Supply Depot  
  66  5:02  Supply Depot  
  66  5:03  Barracks Tech Lab  
  66  5:06  SCV  
  67  5:07  SCV  
  67  5:13  Thor  
  74  5:15  Hellbat  
  74  5:19  Orbital Command  
  76  5:24  Missile Turret  
  76  5:25  Missile Turret  
  76  5:26  SCV  
  76  5:27  SCV  
  78  5:32  Marauder  
  78  5:35  Orbital Command  
  80  5:38  SCV, Hellbat  
  83  5:44  SCV  
  83  5:48  Hellbat  
  86  5:50  SCV  
  86  5:52  Bunker  
  87  5:58  SCV  
  87  6:01  SCV  
  87  6:02  SCV, Supply Depot  
  90  6:10  Thor, Marauder, Hellbat x2  
  90  6:11  SCV  
  103  6:13  SCV  
  103  6:14  SCV  
  105  6:23  SCV  
  105  6:24  Missile Turret  
  106  6:25  SCV  
  106  6:26  SCV  
  106  6:30  Command Center  
  106  6:32  Marauder, Hellbat  
  112  6:33  Hellbat  
  112  6:35  SCV  
  112  6:38  SCV x2, Supply Depot  
  117  6:45  Supply Depot  
  117  6:47  Supply Depot  
  117  6:58  Supply Depot  
  117  6:59  Thor, SCV x2  
  125  7:02  Refinery x2  
  125  7:03  Terran Vehicle Weapons Level 1  
  125  7:06  SCV  
  125  7:07  Marauder, Hellbat x2  
  132  7:11  SCV x2  
  132  7:13  Supply Depot  
  132  7:14  Supply Depot  
  134  7:18  SCV  
  135  7:23  SCV x2, Factory  
  135  7:25  Factory  
  135  7:27  Armory  
  135  7:29  Marauder, Hellbat x2  
  143  7:30  SCV  
  143  7:35  SCV x2  
  146  7:42  Thor  
  146  7:43  SCV  
  154  7:48  SCV x2  
  155  7:52  Marauder, Hellbat x2  
  155  7:55  SCV  
  162  8:00  SCV  
  162  8:02  SCV, Supply Depot  
  162  8:03  Supply Depot  
  164  8:05  Supply Depot  
  164  8:07  Factory Tech Lab  
  164  8:08  SCV  
  164  8:09  Factory  
  164  8:12  SCV  
  166  8:14  SCV  
  167  8:20  SCV  
  167  8:21  Thor, Hellbat x2, Barracks Tech Lab  
  167  8:24  SCV  
  167  8:25  Terran Vehicle And Ship Armor Level 1  
  167  8:26  Thor x2, SCV  
  192  8:29  Refinery  
  192  8:32  SCV  
  193  8:35  Planetary Fortress  
  193  8:36  SCV  
  193  8:37  Command Center  
  193  8:38  SCV  
  193  8:39  Infernal Pre-Igniter  
  193  8:41  Marauder  
  197  8:44  Hellbat  
  199  8:58  SCV  
  199  9:01  Command Center  
  200  9:03  Missile Turret  
  200  9:07  Refinery  
  200  9:08  Sensor Tower  
  200  9:16  Terran Vehicle Weapons Level 2  
  200  9:17  Hi-Sec Auto Tracking  
  176  9:32  Sensor Tower, SCV x3  
  176  9:33  Thor x2  
  176  9:34  Thor, Factory Tech Lab  
  176  9:35  Marauder, Hellbat x2  
  194  9:50  Starport  
  194  9:53  Starport  
  194  10:07  Thor  
  194  10:10  Command Center  
  200  10:14  Neosteel Armor  
  200  10:17  Planetary Fortress  
  200  10:20  Orbital Command  
  196  10:30  Starport Tech Lab x2  
  196  10:34  SCV x2, Fusion Core  
  199  10:35  Hellbat  
  197  10:59  Starport  
  197  11:00  Starport  
  189  11:23  Battlecruiser x2  
  198  11:37  Command Center  
  198  11:41  Command Center  
  198  11:42  Starport Tech Lab x2  
Tags
 
Composition
Mech
Matchup
TvZ
Add a new tag
Caveats
  • Supply blocks, unpowered buildings, or Contaminate may cause inaccurate times.
  • Supply counts are checked every 10 seconds.